 Dungeon Crawl Stone Soup version 0.28.0-45-g0d030f2227 (webtiles) character file.

Game seed: 17620399425916326005

32 terff the Chopper (level 3, -1/33 HPs)
             Began as a Hill Orc Monk on Apr 9, 2022.
             Slain by a gnoll
             ... wielding a +0 spear
              (8 damage)
             ... on level 2 of the Dungeon.
             The game lasted 00:01:31 (1169 turns).

terff the Chopper (Hill Orc Monk)                   Turns: 1169, Time: 00:01:32

Health: -1/33      AC:  3    Str: 15    XL:     3   Next: 27%
Magic:  3/3        EV: 12    Int: 10    God:
Gold:   29         SH:  0    Dex: 13    Spells: 2/2 levels left

rFire   . . .      SeeInvis +   a - +0 hand axe
rCold   . . .      Faith    .   (no shield)
rNeg    . . .      Spirit   .   b - +0 robe
rPois   .          Reflect  .   (no helmet)
rElec   .          Harm     .   c - +0 cloak
rCorr   .          Rampage  .   (no gloves)
Will    .....                   (no boots)
Stlth   ++........              (no amulet)
HPRegen 0.11/turn               e - ring of see invisible
MPRegen 0.08/turn               (no ring)

@: no status effects
A: no striking features
a: no special abilities


You were on level 2 of the Dungeon.
You visited 1 branch of the dungeon, and saw 2 of its levels.

You collected 29 gold pieces.

Inventory:

Hand Weapons
 a - a +0 hand axe (weapon)
Armour
 b - a +0 robe (worn)
 c - a +0 cloak (worn)
Jewellery
 e - a ring of see invisible (left hand)


   Skills:
 + Level 4.0 Fighting
 + Level 4.8 Axes
 + Level 2.6 Dodging
 + Level 1.7 Stealth


You had 2 spell levels left.
You didn't know any spells.
Your spell library contained the following spells:

 Spells                   Type           Power      Damage    Failure   Level
 Static Discharge         Conj/Air       0%         N/A       50%         2
 Dispel Undead            Necr           0%         3d6       98%         4
 Sticky Flame             Conj/Fire      0%         2d3       98%         4


Dungeon Overview and Level Annotations

Branches:
Dungeon (2/15)

Altars:

Shops:
D:1 [


Message History

You feel aware of your surroundings.
You sensed 1 altar.
It was a scroll of magic mapping.
You start waiting.
Done waiting.
The bat hits you but does no damage. The bat barely misses you.
The bat hits you. The bat closely misses you.
A gnoll comes into view.
It is wielding a +0 spear. 2 gnolls come into view.
The bat closely misses you.
You hit the bat.
The bat is heavily wounded.
The gnoll shouts!
The bat hits you but does no damage. The bat completely misses you.
The gnoll hits you but does no damage. The bat closely misses you.
You closely miss the bat.
The bat is heavily wounded.
The bat hits you.
The gnoll hits you from afar with a +0 spear!
The bat closely misses you. The bat barely misses you.
The gnoll hits you with a +0 spear. The gnoll hits you with a +0 spear!
You hit the gnoll.
The gnoll is moderately wounded.
You hit the bat. You hit the gnoll but do no damage. The bat misses you.
The gnoll completely misses you. The gnoll misses you.
You barely miss the gnoll.
The gnoll is moderately wounded.
You barely miss the bat. You hit the gnoll but do no damage.
The bat barely misses you. The gnoll closely misses you.
You hit the gnoll.
The gnoll is heavily wounded.
You barely miss the gnoll. You hit the bat.
You kill the bat!
The gnoll closely misses you. The gnoll hits you with a +0 spear.
* * * LOW HITPOINT WARNING * * *
You hit the gnoll but do no damage.
The gnoll is heavily wounded.
You hit the gnoll. You hit the gnoll but do no damage.
The gnoll hits you with a +0 spear!
You die...

*****### *####****
*,,,,..# ##....,,,**
*,***#.# #....,,,,,, *,*
#.# #..#**,..** * *,*
##.######..###...** * *,*
#................,, *****
***,* #g@###.##........*,
,,,,*
*,,,**#gg##...#.####..#*,
***,*
*,,,,....#............#*,
* *,*
*,,......##...######...,,
* *,* *#.#########.##
****** * *,* **.,,* #.# *
* *,* *,,,,* #.# ******
*,* *,,,,* ##'## *,,,,,
***,* *,**** ##.<.##
*,***,


You could see 3 gnolls.

Vanquished Creatures
  3 ball pythons (D:1)
  3 bats
  3 endoplasms (D:1)
  4 giant cockroaches
  A goblin (D:1)
  3 hobgoblins (D:1)
  4 jackals (D:1)
  2 frilled lizards (D:1)
  3 rats (D:1)
26 creatures vanquished.

Notes
Turn   | Place    | Note
-------+----------+-------------------------------------------
     0 | D:1      | terff the Hill Orc Monk began the quest for the Orb.
     0 | D:1      | Reached XP level 1. HP: 19/19 MP: 1/1
   374 | D:1      | Found Tekihang's Antique Armour Emporium.
   477 | D:1      | Reached XP level 2. HP: 27/27 MP: 2/2
   820 | D:1      | Reached XP level 3. HP: 31/33 MP: 3/3
  1169 | D:2      | Slain by a gnoll

Illustrated notes

Levels and vault maps discovered:
D:1:      minmay_arrival_cross, layout_rooms, serial_shops, shop_fountains,
          minivault_11
D:2:      layout_loops_corners, dreamdust_ecumenical_altar_angels_and_demons,
          minmay_misc_feat_tower

Skill      XL: |  1  2 |
---------------+-------+-----
Fighting       | 4 |  4.0
Axes           | |  4.8
Dodging        | |  2.6
Stealth        | |  1.7

Action                   || total
-------------------------++-------
Melee: Hand axe          ||    80
  Use: Scroll            ||     2
 Stab: Sleeping          ||     2
Armor: Robe              ||    27
Dodge: Dodged            ||    96
